 Dungeon Crawl Stone Soup version 0.17-b1-15-g0f5fb43 (webtiles) character file.

46100 carl the Severer (level 14, 0/118 HPs)
             Began as a Minotaur Berserker on Nov 2, 2015.
             Was a High Priest of Trog.
             Slain by a seven-headed hydra (1 damage)
             ... on level 7 of the Lair of Beasts.
             The game lasted 00:42:51 (16155 turns).

carl the Severer (Minotaur Berserker)              Turns: 16155, Time: 00:42:51

Health: 0/118      AC: 21    Str: 24    XL:     14   Next: 3%
Magic:  21/21      EV:  9    Int:  8    God:    Trog [*****.]
Gold:   1098       SH:  0    Dex:  7    Spells: 0 memorised, 13 levels left

rFire  + . .     SeeInvis +     f - +6 battleaxe (chop)
rCold  . . .     Clarity  .     y - +2 chain mail of the Eight Beds {+Fly rPois Dex-2}
rNeg   + + .     SustAt   .     (shield currently unavailable)
rPois  +         Gourm    .     J - +1 hat {rF+}
rElec  .         Spirit   .     Y - +2 cloak
rCorr  .         Warding  +     o - +1 pair of gloves
rMut   .         Stasis   .     L - +0 pair of boots
MR     +++..                    t - amulet of warding
Stlth  ..........               g - ring of positive energy
                                F - ring of see invisible

@: exhausted, regenerating, slowed, very slow, extremely resistant to hostile
enchantments, extremely unstealthy
A: retaliatory headbutt, horns 2
a: Berserk, Trog's Hand, Brothers in Arms, Burn Spellbooks, Renounce Religion,
Evoke Flight


You were on level 7 of the Lair of Beasts.
You worshipped Trog.
Trog was extremely pleased with you.
You were hungry.

You visited 2 branches of the dungeon, and saw 18 of its levels.
You also visited: Volcano.

You collected 1098 gold pieces.

Inventory:

Hand Weapons
 f - a +6 battleaxe of chopping (weapon)
 w - a +4 war axe of electrocution
Armour
 o - a +1 pair of gloves (worn)
 y - the +2 chain mail of the Eight Beds (worn) {+Fly rPois Dex-2}
   (You found it on level 4 of the Dungeon)

   It affects your dexterity (-2).
   It protects you from poison.
   It lets you fly.
 J - a +1 hat of fire resistance (worn)
 K - the +4 chain mail of Ydiedys {*Corrode rC++ Str+3}
   (You found it on level 3 of the Lair of Beasts)

   It affects your strength (+3).
   It greatly protects you from cold.
   It may corrode your equipment when you take damage.
 L - a +0 pair of boots (worn)
 Y - a +2 cloak (worn)
Jewellery
 g - a ring of positive energy (right hand)
 t - an amulet of warding (around neck)
 z - an uncursed amulet of stasis
 F - a ring of see invisible (left hand)
Wands
 l - a wand of enslavement (12)
 n - a wand of fire (10)
 q - a wand of disintegration (18)
Scrolls
 b - 4 scrolls of identify
 d - a scroll of recharging
 e - 3 scrolls of fog
 h - 11 scrolls of remove curse
 i - 2 scrolls of blinking
 E - 11 scrolls of teleportation
 T - a scroll of magic mapping
Potions
 k - a potion of brilliance
 m - 4 potions of resistance
 r - 2 potions of invisibility
 x - a potion of cure mutation
 B - 2 potions of flight
 M - 3 potions of curing
 Q - a potion of might
 S - 2 potions of heal wounds
 W - a potion of haste
Books
 a - a book of Beasts

   Spells                             Type                      Level
   a - Summon Butterflies             Summoning                    1
   b - Call Canine Familiar           Summoning                    3
   c - Summon Ice Beast               Ice/Summoning                4
   d - Summon Mana Viper              Hexes/Summoning              5
   e - Summon Hydra                   Summoning                    7
   Trog disapproves of the use of such an item.
Comestibles
 c - 2 bread rations
 j - 2 meat rations
 p - 20 fruits
 s - a beef jerky
 u - 8 chunks of flesh
 v - a slice of pizza
 I - a royal jelly


   Skills:
 - Level 9.1 Fighting
 - Level 20.3 Axes
 + Level 8.8 Armour
 + Level 3.2 Dodging
 - Level 11.7 Evocations


You had 13 spell levels left.
You didn't know any spells.

Dungeon Overview and Level Annotations

Branches:
Dungeon (11/15)            Temple (0/1) D:7            Lair (7/8) D:11
  Swamp (0/4) Lair:6       Spider (0/4) Lair:6
  Slime: Lair:6-8       Orc: D:9-12

Altars:
Ashenzari
Ru
Vehumet

Shops:
D:5 *


Innate Abilities, Weirdness & Mutations

You reflexively headbutt those who attack you in melee.
You have a pair of horns on your head.


Message History

The seven-headed hydra bites you!
* * * LOW HITPOINT WARNING * * *
The seven-headed hydra closely misses you.
The seven-headed hydra bites you but does no damage.
The seven-headed hydra closely misses you.
The seven-headed hydra bites you but does no damage. x2
Unknown command.
Unknown command.
Unknown command.
Unknown command.
Your iron troll bites the elephant but does no damage.
Your iron troll claws the elephant!! x2
The elephant tramples your iron troll but does no damage.
The elephant trunk-slaps your iron troll but does no damage.
The seven-headed hydra bites you but does no damage.
The seven-headed hydra bites you!
* * * LOW HITPOINT WARNING * * *
The seven-headed hydra bites you but does no damage. x2
The seven-headed hydra bites you.
You die...

#........##.###PP.P..#...
#.......##.##..PPP.P.... .
#.........#.....PP......
.P##........+...#.........
...........#.........#....
..##......PP....#....##...
.........%.....###...##...
#.#.....YYT#...##.....##.P
#......D@..#..##......#..
#...........#.............
..........................
..........................
..........................
....:.....................
##......#...##.#.. .#.#P.
........#...### #....
#......###.P## .##...


You could see a seven-headed hydra, 2 elephants and a friendly iron troll
(berserk).

Vanquished Creatures
  8 hydras
  A queen ant (Lair:6)
  A centaur warrior (Volcano)
  5 death yaks
  Pikel (D:7)
  A necromancer (Lair:3)
  A hill giant (D:10)
  A griffon (Lair:7)
  A guardian serpent (D:9)
  Maurice (D:10)
  4 black mambas
  2 molten gargoyles (Lair:3)
  A gargoyle (D:10)
  8 komodo dragons
  3 yaktaurs (Volcano)
  13 spiny frogs
  A merfolk (D:9)
  2 polar bears (Lair:5)
  Grinder (D:5)
  A two-headed ogre (D:10)
  A wyvern (D:9)
  Sigmund (D:2)
  A redback (Lair:6)
  19 blink frogs
  A hungry ghost (D:10)
  20 yaks
  8 hippogriffs
  A deep elf mage (D:9)
  Eustachio (D:5)
  4 basilisks
  6 swamp worms (Lair:6)
  8 wolves
  14 soldier ants (Lair:6)
  2 wargs (D:11)
  11 porcupines
  8 water moccasins
  3 orc warriors
  A black bear (D:9)
  2 necrophages (D:8)
  2 phantoms
  2 sky beasts
  4 ice beasts
  2 ogres
  4 centaurs
  12 crocodiles
  13 giant frogs
  A gnoll sergeant (D:9)
  7 scorpions
  13 killer bees
  4 wights (D:8)
  7 electric eels
  5 lava snakes (Lair:3)
  4 crimson imps
  A giant frog zombie (D:8)
  5 hounds
  A centaur zombie (D:5)
  13 orc wizards
  A jelly (D:8)
  2 quasits
  Crazy Yiuf (D:2)
  A centaur skeleton (D:5)
  Jessica (D:2)
  5 orc priests
  12 iguanas
  3 polar bear simulacra (Lair:3)
  4 yak simulacra (Lair:3)
  8 sheep
  44 worker ants
  A wolf simulacrum (Lair:3)
  A centaur simulacrum (D:8)
  A worker ant zombie (D:9)
  A killer bee simulacrum (D:8)
  40 river rats
  15 adders
  6 gnolls (D:9)
  4 white imps (D:8)
  3 ufetubi (D:8)
  An ooze (D:3)
  An adder skeleton (D:9)
  6 worms
  8 giant geckos
  35 orcs
  5 giant cockroaches
  12 goblins
  5 hobgoblins (D:1)
  17 jackals
  2 ball pythons
  13 bats
  2 giant newts
  6 kobolds
  12 rats
  3 river rat simulacra (Lair:3)
  6 fungi
557 creatures vanquished.

Vanquished Creatures (collateral kills)
  Gastronok (Lair:3)
  2 hydras
  A water moccasin (Lair:3)
4 creatures vanquished.

Vanquished Creatures (others)
  2 slaves (D:7)
  A scorpion (D:7)
  An orc priest (D:7)
  A worker ant (D:7)
  A jackal (D:7)
  12 fungi
  3 plants
21 creatures vanquished.

Grand Total: 582 creatures vanquished

Notes
Turn   | Place    | Note
--------------------------------------------------------------
     0 | D:1      | carl the Minotaur Berserker began the quest for the Orb.
     0 | D:1      | Reached XP level 1. HP: 19/19 MP: 0/0
    96 | D:1      | You fall through a shaft!
   103 | D:2      | Reached skill level 4 in Axes
   103 | D:2      | Reached XP level 2. HP: 17/26 MP: 1/1
   501 | D:1      | Reached skill level 5 in Axes
   561 | D:1      | Reached XP level 3. HP: 15/31 MP: 2/2
   673 | D:1      | Reached ** piety under Trog
  1035 | D:2      | Noticed Sigmund
  1040 | D:2      | Noticed Jessica
  1046 | D:2      | Killed Sigmund
  1046 | D:2      | Reached skill level 7 in Axes
  1046 | D:2      | Reached XP level 4. HP: 39/39 MP: 3/3
  1046 | D:2      | Reached XP level 5. HP: 45/45 MP: 4/4
  1048 | D:2      | Killed Jessica
  1136 | D:2      | Reached skill level 8 in Axes
  1288 | D:2      | Noticed Crazy Yiuf
  1292 | D:2      | Killed Crazy Yiuf
  1292 | D:2      | Reached XP level 6. HP: 44/51 MP: 5/5
  1716 | D:3      | Reached *** piety under Trog
  1718 | D:3      | Reached skill level 9 in Axes
  1721 | D:3      | Reached XP level 7. HP: 42/57 MP: 6/6
  1726 | D:3      | Reached skill level 10 in Axes
  2587 | D:4      | Found a radiant altar of Vehumet.
  2976 | D:4      | Got a faintly humming chain mail
  3046 | D:5      | Entered Level 5 of the Dungeon
  3069 | D:5      | Noticed Grinder
  3076 | D:5      | Reached skill level 11 in Axes
  3084 | D:5      | Killed Grinder
  3084 | D:5      | Reached XP level 8. HP: 10/64 MP: 7/7
  3240 | D:5      | Reached skill level 12 in Axes
  3316 | D:5      | Found Keuvommi's Elemental Accessories.
  3334 | D:5      | Noticed Eustachio
  3344 | D:5      | Killed Eustachio
  3386 | D:5      | Reached **** piety under Trog
  3853 | D:6      | Identified the +2 chain mail of the Eight Beds {+Fly rPois Dex-2} (You found it on level 4 of the Dungeon)
  3870 | D:6      | Found a shattered altar of Ashenzari.
  3879 | D:6      | Reached skill level 13 in Axes
  4699 | D:7      | Found a staircase to the Ecumenical Temple.
  4749 | D:7      | Reached XP level 9. HP: 70/70 MP: 8/8
  4769 | D:7      | Reached skill level 14 in Axes
  4881 | D:7      | Noticed Pikel
  4891 | D:7      | Killed Pikel
  5041 | D:7      | Reached skill level 15 in Axes
  5066 | D:7      | Reached ***** piety under Trog
  5331 | D:7      | Got a spiked scale mail
  5342 | D:7      | Identified the +1 scale mail of Philately {rC+ Dex+4 SInv} (You found it on level 7 of the Dungeon)
  5559 | D:8      | Noticed a death yak
  5566 | D:8      | Killed a death yak
  5566 | D:8      | Reached skill level 16 in Axes
  5700 | D:8      | Reached XP level 10. HP: 69/80 MP: 9/9
  5705 | D:8      | Reached skill level 5 in Fighting
  7213 | D:9      | Reached skill level 5 in Armour
  7235 | D:9      | Noticed a guardian serpent
  7242 | D:9      | Killed a guardian serpent
  7251 | D:9      | Got a shimmering scale mail
  7268 | D:9      | Identified the +1 scale mail of the Echidna {rPois} (You found it on level 9 of the Dungeon)
  7578 | D:9      | Received a gift from Trog
  7829 | D:10     | Entered Level 10 of the Dungeon
  7873 | D:10     | Reached XP level 11. HP: 35/97 MP: 10/10
  8332 | D:10     | Noticed Maurice
  8341 | D:10     | Killed Maurice
  8627 | D:10     | Noticed a hill giant
  8632 | D:10     | Killed a hill giant
  8918 | D:11     | Found a staircase to the Lair.
  8924 | D:11     | Reached skill level 1 in Evocations
  8947 | Lair:1   | Entered Level 1 of the Lair of Beasts
  9291 | Lair:1   | Received a gift from Trog
  9291 | Lair:1   | Reached skill level 5 in Evocations
  9966 | Lair:2   | Noticed a four-headed hydra
  9972 | Lair:2   | Killed a five-headed hydra
 10018 | Lair:2   | Noticed a six-headed hydra
 10020 | Lair:2   | Noticed an eight-headed hydra
 10030 | Lair:2   | Killed a six-headed hydra
 10030 | Lair:2   | Reached XP level 12. HP: 48/104 MP: 16/16
 10228 | Lair:2   | Noticed a seven-headed hydra
 10235 | Lair:2   | Killed an 11-headed hydra
 10440 | Lair:2   | Noticed a six-headed hydra
 10448 | Lair:2   | Killed an eight-headed hydra
 10511 | Lair:2   | Killed a ten-headed hydra
 10573 | Lair:2   | Reached skill level 10 in Evocations
 11037 | Lair:3   | HP: 5/104 [molten gargoyle/bolt of magma (18)]
 11136 | Lair:3   | Noticed Gastronok
 11248 | Lair:3   | Got a faintly glowing chain mail
 11282 | Lair:3   | Found a dark tunnel.
 11315 | Volcano  | Entered a volcano
 11328 | Volcano  | Identified the +4 chain mail of Ydiedys {*Corrode rC++ Str+3} (You found it on level 3 of the Lair of Beasts)
 11357 | Volcano  | Found a burning altar of Makhleb.
 11359 | Volcano  | Noticed a centaur warrior
 11371 | Volcano  | Killed a centaur warrior
 11426 | Volcano  | HP: 4/104 [yaktaur/bolt of flame (26)]
 11728 | Lair:3   | Noticed a five-headed hydra
 11734 | Lair:3   | Killed an eight-headed hydra
 12341 | Lair:3   | Killed Gastronok
 12341 | Lair:3   | Reached skill level 17 in Axes
 12481 | Lair:4   | Reached XP level 13. HP: 90/111 MP: 20/20
 12928 | Lair:4   | Noticed a five-headed hydra
 12937 | Lair:4   | Killed a ten-headed hydra
 13349 | Lair:4   | Reached skill level 18 in Axes
 13629 | Lair:5   | Found a sacrificial altar of Ru.
 14191 | Lair:6   | Reached skill level 19 in Axes
 14233 | Lair:6   | Received a gift from Trog
 14273 | Lair:6   | Found a hole to the Spider Nest.
 14410 | Lair:6   | Got a twisted hand axe {god gift}
 14411 | Lair:6   | Identified the +1 hand axe of Opown {chop, -Tele rPois MR+ Str+2} (Trog gifted it to you on level 6 of the Lair of Beasts)
 14916 | Lair:6   | Found a staircase to the Swamp.
 14941 | Lair:6   | Reached skill level 20 in Axes
 15808 | Lair:7   | Received a gift from Trog
 16027 | Lair:7   | Reached XP level 14. HP: 109/118 MP: 21/21
 16155 | Lair:7   | HP: 1/118 [seven-headed hydra (8)]
 16155 | Lair:7   | Slain by a seven-headed hydra

Action                   |  1- 3 |  4- 6 |  7- 9 | 10-12 | 13-15 || total
-------------------------+-------+-------+-------+-------+-------++-------
Melee: Hand axe          |    65 |    68 |    68 |       |       ||   201
       War axe           |       |       |   275 |   206 |     9 ||   490
       Battleaxe         |       |       |       |   348 |   412 ||   760
Invok: Berserk           |     1 |     1 |     4 |     4 |     5 ||    15
       Trog's Hand       |       |       |     4 |     5 |     1 ||    10
       Brothers in Arms  |       |       |       |     7 |     1 ||     8
Evoke: Wand              |       |       |       |     7 |       ||     7
  Use: Scroll            |       |       |       |    31 |     1 ||    32
       Potion            |       |       |       |     4 |     1 ||     5
  Eat: Chunk             |       |     4 |    17 |    26 |    16 ||    63
       Royal jelly       |       |       |       |     2 |       ||     2
